 Dungeon Crawl Stone Soup version 0.28-a0-1038-g9c4cb8273d (webtiles) character file.

Game seed: 1988402027869304795

4405 Joey40 the Cleaver (level 10, -5/136 HPs)
             Began as a Minotaur Berserker on Dec 7, 2021.
             Was a High Priest of Trog.
             Killed from afar by an acid dragon (17 damage)
             ... with a splash of acid
             ... on level 9 of the Dungeon on Dec 8, 2021.
             The game lasted 00:26:47 (11633 turns).

Joey40 the Cleaver (Minotaur Berserker)            Turns: 11633, Time: 00:26:48

Health: -5/136     AC:  9    Str: 27    XL:     10   Next: 14%
Magic:  0/9        EV: 12    Int: 10    God:    Trog [*****.]
Gold:   263        SH:  0    Dex:  9    Spells: 9/9 levels left

rFire   + . .      SeeInvis .   D - +0 hand axe (venom)
rCold   . . .      Faith    .   (no shield)
rNeg    . . .      Spirit   +   N - +1 scale mail of Virtue {rPois rF+ Will+}
rPois   +          Reflect  .   (helmet restricted)
rElec   .          Harm     .   B - +0 cloak
rCorr   .          Rampage  .   (no gloves)
Will    +....                   n - +1 pair of boots
Stlth   ..........              o - amulet of guardian spirit
HPRegen 0.32/turn               H - +6 ring of intelligence
MPRegen 0.11/turn               K - ring of flight

@: berserking, corroded, flying, very quick
A: horns 2, retaliatory headbutt
a: Renounce Religion, Berserk, Trog's Hand, Brothers in Arms


You were on level 9 of the Dungeon.
You worshipped Trog.
Trog was extremely pleased with you.
You visited 1 branch of the dungeon, and saw 9 of its levels.
You also visited: Ossuary.

You collected 427 gold pieces.
You spent 164 gold pieces at shops.

Inventory:

Hand Weapons
 a - a +0 hand axe
 k - a +1 vorpal broad axe
 s - a +0 morningstar
 D - a +0 hand axe of venom (weapon)
Missiles
 Q - 15 poisoned darts (quivered)
 R - 6 boomerangs
Armour
 b - a +0 animal skin
 j - a +0 leather armour
 n - a +1 pair of boots (worn)
 q - a +0 ring mail
 z - a +0 scale mail
 B - a +0 cloak (worn)
 M - a +0 plate armour
 N - the +1 scale mail of Virtue (worn) {rPois rF+ Will+}
   (You found it on level 8 of the Dungeon)

   rF:        It protects you from fire.
   rPois:     It protects you from poison.
   Will:      It increases your willpower.
Jewellery
 o - an amulet of guardian spirit (around neck)
 H - a +6 ring of intelligence (left hand)
 K - a ring of flight (right hand)
 P - a ring of willpower
Wands
 A - a wand of flame (30)
 F - a wand of digging (5)
 O - a wand of mindburst (17)
Scrolls
 c - a scroll of holy word {unknown}
 f - 3 scrolls of torment
 h - 7 scrolls of teleportation
 l - 2 scrolls of enchant weapon {unknown}
 m - 2 scrolls of fear {unknown}
 u - a scroll of magic mapping {unknown}
 w - 2 scrolls of amnesia {unknown}
 y - 3 scrolls of immolation {unknown}
 G - a scroll of summoning {unknown}
 I - a scroll of brand weapon {unknown}
 J - 4 scrolls of enchant armour {unknown}
 L - a scroll of acquirement {unknown}
 S - a scroll of silence {unknown}
 T - a scroll of identify
Potions
 d - 4 potions of curing
 e - 2 potions of lignification
 g - a potion of brilliance {unknown}
 i - a potion of mutation {unknown}
 p - 5 potions of attraction
 r - 3 potions of berserk rage
 t - a potion of degeneration {unknown}
 v - 2 potions of ambrosia {unknown}
 x - 2 potions of heal wounds
 C - 2 potions of haste {unknown}
 E - a potion of resistance {unknown}


   Skills:
 + Level 9.6 Fighting
 + Level 10.1 Axes
 + Level 9.0 Armour
 + Level 8.0 Dodging
 - Level 1.0 Stealth


You had 9 spell levels left.
You didn't know any spells.
Your spell library was empty.

Dungeon Overview and Level Annotations

Branches:
Dungeon (9/15)             Temple (0/1) D:4         Ossuary (visited)
   Lair: D:8-11         Orc: D:9-12

Altars:
Dithmenos
Kikubaaqudgha
Makhleb
Nemelex Xobeh
Uskayaw

Shops:
D:2 (   D:5 :?*(

Annotations:
D:8 6 transporters


Innate Abilities, Weirdness & Mutations

You have a pair of horns on your head.
You reflexively headbutt those who attack you in melee.


Message History

The troll claws you but does no damage.
You hit the troll but do no damage.
The troll looks as sick as possible!
The troll is severely wounded.
The troll bites you!
The troll claws you but does no damage. x2
You hit the troll.
The troll looks as sick as possible!
Your headbutt misses the troll.
The troll is severely wounded.
The troll barely misses you. The troll misses you.
The troll closely misses you.
You slash the troll!
You kill the troll!
Trog accepts your kill.
Your life force feels restored.
Your Armour skill increases to level 9!
Your Dodging skill increases to level 8!
The acid dragon spits acid at you. The splash of acid hits you!!
* * * LOW HITPOINT WARNING * * *
The acid corrodes you!
You hit the acid dragon.
The acid dragon is lightly wounded.
The acid dragon closely misses you.
The acid dragon claws you but does no damage.
You hit the acid dragon but do no damage.
The acid dragon is lightly wounded.
The acid dragon closely misses you. The acid dragon barely misses you.
You hit the acid dragon.
The acid dragon is moderately wounded.
The acid dragon bites you!
* * * LOW HITPOINT WARNING * * *
The acid dragon closely misses you.
You hit the acid dragon. You headbutt the acid dragon.
The acid dragon is heavily wounded.
The acid dragon closely misses you.
The acid dragon claws you but does no damage.
A red film seems to cover your vision as you go berserk!
You feel yourself moving faster!
You feel mighty! The acid dragon spits acid at you.
The splash of acid hits you!!
You die...

###### #....# #....#
#....#
####....################
............)...@D......
####....##########..#...
#....# .... #....# ##.#
###..# . ##.# #.# #..


You could see an acid dragon (catching breath).

Vanquished Creatures
  A troll (D:9)
  Eustachio (D:4)
  A vampire (D:9)
  2 wyverns
  A steam dragon (D:7)
  Menkaure (D:7)
  An acid dragon (D:9)
  A water moccasin (D:8)
  A sky beast (D:6)
  3 ice beasts
  An orc warrior (D:5)
  A black bear (D:8)
  3 necrophages
  3 ogres
  3 centaurs
  2 phantoms
  An elf zombie (Ossuary)
  4 bullfrogs
  A scorpion (D:5)
  3 killer bees (D:9)
  4 wights
  A howler monkey (D:6)
  3 centaur zombies (Ossuary)
  2 hounds
  2 gnoll shamans
  3 orc priests
  A human zombie (Ossuary)
  Crazy Yiuf (D:4)
  Jessica (D:2)
  3 iguanas
  Natasha (thrice) (D:2)
  5 orc wizards
  3 mummies
  A hound skeleton (D:3)
  A howler monkey zombie (D:8)
  8 gnolls
  7 adders
  A howler monkey skeleton (D:7)
  A shadow imp (D:8)
  A white imp (D:7)
  An adder zombie (Ossuary)
  3 worms
  A dart slug (D:1)
  30 orcs
  6 ball pythons
  4 bats
  4 endoplasms
  4 giant cockroaches
  9 goblins
  4 hobgoblins
  10 jackals
  11 kobolds
  5 quokkas
  4 frilled lizards
  9 hobgoblin zombies (Ossuary)
  3 jackal zombies (Ossuary)
  12 kobold zombies (Ossuary)
  6 orc zombies (Ossuary)
  6 rats
  A rat zombie (Ossuary)
220 creatures vanquished.

Vanquished Creatures (others)
  An orc wizard (D:5)
1 creature vanquished.

Grand Total: 221 creatures vanquished

Notes
Turn   | Place    | Note
-------+----------+-------------------------------------------
     0 | D:1      | Joey40 the Minotaur Berserker began the quest for the Orb.
     0 | D:1      | Reached XP level 1. HP: 19/19 MP: 0/0
     2 | D:1      | Noticed a minotaur
     2 | D:1      | Noticed a formicid
     4 | D:1      | Noticed an elf
     6 | D:1      | Noticed a vampire
     8 | D:1      | Noticed a felid
     8 | D:1      | Noticed a demigod
    10 | D:1      | Noticed a vine stalker
    12 | D:1      | Noticed a troll
    14 | D:1      | Noticed a naga
    14 | D:1      | Noticed a draconian
    16 | D:1      | Noticed a gargoyle
    16 | D:1      | Noticed an ogre
    18 | D:1      | Noticed a merfolk
    18 | D:1      | Noticed a dwarf
    20 | D:1      | Noticed a spriggan
    20 | D:1      | Noticed a human
    22 | D:1      | Noticed a ghoul
    22 | D:1      | Noticed a demonspawn
    24 | D:1      | Noticed an octopode
    26 | D:1      | Noticed a tengu
   176 | D:1      | Reached XP level 2. HP: 27/27 MP: 1/1
   180 | D:1      | Reached skill level 4 in Axes
   787 | D:1      | Reached XP level 3. HP: 33/34 MP: 2/2
   819 | D:1      | Reached ** piety under Trog
  1326 | D:2      | Noticed Natasha
  1330 | D:2      | Killed Natasha
  1476 | D:2      | Reached XP level 4. HP: 41/41 MP: 3/3
  1583 | D:2      | Found Duabylas's Weapon Shop.
  1601 | D:2      | Noticed Jessica
  1606 | D:2      | Killed Jessica
  1674 | D:2      | Noticed Natasha
  1679 | D:2      | Killed Natasha
  1680 | D:2      | Reached skill level 5 in Fighting
  2391 | D:2      | Noticed Natasha
  2396 | D:2      | Killed Natasha
  2397 | D:2      | Reached skill level 5 in Axes
  2397 | D:2      | Reached XP level 5. HP: 48/48 MP: 4/4
  3304 | D:3      | Found a faded altar of an unknown god.
  3873 | D:4      | Noticed a centaur
  3891 | D:4      | Killed a centaur
  3892 | D:4      | Reached XP level 6. HP: 16/56 MP: 5/5
  3895 | D:4      | Found a staircase to the Ecumenical Temple.
  4038 | D:4      | Reached skill level 6 in Axes
  4044 | D:4      | Found a sand-covered staircase.
  4051 | Ossuary  | Entered an ossuary
  4248 | Ossuary  | Reached *** piety under Trog
  4308 | Ossuary  | Reached XP level 7. HP: 52/62 MP: 6/6
  4313 | Ossuary  | Reached skill level 1 in Stealth
  4577 | D:4      | Reached skill level 5 in Armour
  4858 | D:4      | Found a shadowy altar of Dithmenos.
  5150 | D:4      | Noticed Eustachio
  5175 | D:4      | Killed Eustachio
  5176 | D:4      | Reached skill level 7 in Axes
  5535 | D:4      | Found a runed translucent door.
  5536 | D:4      | Noticed Crazy Yiuf
  5647 | D:4      | Killed Crazy Yiuf
  5719 | D:5      | Entered Level 5 of the Dungeon
  6066 | D:5      | Upgraded the game from 0.28-a0-1033-g1a2f33fa85 to
                  | 0.28-a0-1038-g9c4cb8273d
  6083 | D:5      | Reached XP level 8. HP: 16/71 MP: 7/7
  6085 | D:5      | Reached skill level 5 in Dodging
  6379 | D:5      | Found Miam's Antique Weapon Shoppe.
  6384 | D:5      | Bought a glowing hand axe for 138 gold pieces
  6458 | D:5      | Found Dumoleont's Assorted Antiques.
  6486 | D:5      | Found a sparkling altar of Nemelex Xobeh.
  6506 | D:5      | Reached **** piety under Trog
  6691 | D:5      | Reached skill level 8 in Axes
  6750 | D:5      | Found Xesemex's Book Emporium.
  6822 | D:5      | Found Maniy's Magic Scroll Shoppe.
  6832 | D:5      | Bought a scroll of identify for 26 gold pieces
  6868 | D:5      | Found a hide-covered altar of Uskayaw.
  7157 | D:6      | Found a burning altar of Makhleb.
  7562 | D:6      | Reached XP level 9. HP: 69/81 MP: 8/8
  7994 | D:6      | Reached skill level 9 in Axes
  7994 | D:6      | Reached ***** piety under Trog
  9307 | D:7      | Noticed Menkaure
  9323 | D:7      | Killed Menkaure
  9619 | D:7      | Found an ancient bone altar of Kikubaaqudgha.
  9791 | D:8      | Found a transporter.
  9792 | D:8      | Found a transporter.
  9984 | D:8      | Identified the +1 scale mail of Virtue {rPois rF+ Will+}
 10011 | D:8      | Found a transporter.
 10012 | D:8      | Found a transporter.
 10110 | D:8      | Found a transporter.
 10112 | D:8      | Found a transporter.
 10848 | D:9      | Noticed a wizard
 10854 | D:9      | Reached XP level 10. HP: 84/85 MP: 9/9
 10962 | D:9      | Reached skill level 10 in Axes
 11133 | D:9      | Noticed a deep elf pyromancer
 11166 | D:9      | Noticed a brown ugly thing
 11169 | D:9      | Noticed a four-headed hydra
 11633 | D:9      | Killed from afar by an acid dragon

Illustrated notes

Levels and vault maps discovered:
D:1:      kb_arrival_jail, layout_basic
D:2:      layout_basic, serial_shops, nicolae_shop_bloodbath_and_beyond,
          uniq_natasha, uniq_jessica
D:3:      layout_loops_ring, chequers_ecumenical_altar_simple
D:4:      layout_basic, mainiacjoe_overflow_six_doors_small,
          minmay_temple_entry_nine_rooms, gup_ossuary_entry_pyramid,
          uniq_crazy_yiuf_cottage, uniq_eustachio
D:5:      layout_gridville, general_overflow_altar,
          mainiacjoe_overflow_concentric_impassable, serial_shops,
          nicolae_lakefront_shop, nicolae_shop_advertising_works
          [nicolae_subvault_shop_adworks], shop, shop, guppyfry_early_orc_mine
D:6:      layout_gridville, amcnicky_altar_gilded
D:7:      layout_gridville, overflow_temple_1_default, uniq_menkaure
D:8:      layout_basic, serial_nicolae_subway, nicolae_sub_station_metal,
          nicolae_sub_station_crystal, nicolae_sub_station_stone
D:9:      layout_rooms, grunt_gozag_statues, david_lair_generic,
          minmay_diamond_spiral, uniq_pikel

Skill      XL: |  1  2  3  4  5  6  7  8  9 10 |
---------------+-------------------------------+-----
Axes           | 4 5 6 7 8 9 10 | 10.1
Fighting       | 4 5 6 7 9 |  9.6
Armour         | 3 4 5 7 8 9 |  9.0
Dodging        | 3 4 6 7 8 |  8.0
Stealth        | 1 |  1.0

Action                   |  1- 3 |  4- 6 |  7- 9 | 10-12 || total
-------------------------+-------+-------+-------+-------++-------
Melee: Hand axe          |    70 |   164 |   353 |    56 ||   643
       Headbutt          |     9 |    49 |    83 |     9 ||   150
Invok: Trog's Hand       |       |     3 |     3 |       ||     6
       Berserk           |       |     1 |     2 |     2 ||     5
  Use: Scroll            |       |       |     7 |       ||     7
 Stab: Sleeping          |       |     1 |       |       ||     1
Armor: Animal skin       |    13 |       |       |       ||    13
       Leather armour    |     1 |     7 |       |       ||     8
       Ring mail         |       |    61 |    31 |       ||    92
       Scale mail        |       |       |   116 |    21 ||   137
       Plate armour      |       |       |     9 |       ||     9
Dodge: Dodged            |    54 |   100 |   207 |    33 ||   394

Table legend: (Time is in decaauts)
 A = Elapsed time spent in this place.
 B = Non-inter-level travel time spent in this place.
 C = Inter-level travel time spent in this place.
 D = Time resting spent in this place.
 E = Time spent auto-exploring this place.
 F = Levels seen in this place.
 G = Mean time per level.
                   A        B        C        D        E       F      G
               +--------+--------+--------+--------+--------+-----+--------+
         Total |  11633 |  10615 |   1018 |   2028 |   6741 |  10 | 1163.3 |
       Dungeon |  11133 |  10115 |   1018 |   1913 |   6525 |   9 | 1237.0 |
       Ossuary |    500 |    500 |      0 |    115 |    216 |   1 |  500.0 |
               +--------+--------+--------+--------+--------+-----+--------+

Top non-repeatable levels by time:
     D:4: 1730 daAuts
     D:2: 1709 daAuts
     D:5: 1343 daAuts
     D:1: 1292 daAuts
     D:8: 1253 daAuts
     D:6: 1207 daAuts
     D:7: 1199 daAuts
     D:3: 756 daAuts
     D:9: 639 daAuts
 Ossuary: 500 daAuts
